 Dungeon Crawl Stone Soup version 0.20-a0-673-g53087c7 (webtiles) character file.

221 M4edhros the Covert (level 5, 0/33 HPs)
             Began as an Octopode Artificer on Feb 18, 2017.
             Succumbed to a worker ant's poison
             ... on level 4 of the Dungeon.
             The game lasted 00:01:05 (874 turns).

M4edhros the Covert (Octopode Artificer)             Turns: 874, Time: 00:01:05

Health: 0/33       AC:  1    Str: 12    XL:     5   Next: 98%
Magic:  7/7        EV: 13    Int: 13    God:
Gold:   25         SH:  0    Dex: 13    Spells: 4/4 levels left

rFire    . . .     SeeInvis .   a - +0 short sword
rCold    . . .     Gourm    .   (no shield)
rNeg     . . .     Faith    .   (helmet restricted)
rPois    .         Spirit   .   (no amulet)
rElec    .         Reflect  .   (no ring)
rCorr    .         Harm     .   (no ring)
MR       .....                  (no ring)
Stlth    +++++.....             (no ring)
Regen    0.2/turn               (no ring)
MPRegen  0.1/turn               (no ring)
                                (no ring)
                                (no ring)

@: lethally poisoned (0 -> -1)
A: almost no armour, stealthy swim, amphibious, 8 rings, constrict 8, camouflage
1, gelatinous body 1
a: no special abilities


You were on level 4 of the Dungeon.
You were not hungry.

You visited 1 branch of the dungeon, and saw 4 of its levels.

You collected 25 gold pieces.

Inventory:

Hand Weapons
 a - a +0 short sword (weapon)
Missiles
 h - 20 sling bullets
Wands
 b - a wand of flame (12/48)
 c - a wand of enslavement (15/24)
 d - a wand of random effects (13/48)
Scrolls
 e - 2 scrolls of amnesia {unknown}
 i - a scroll of remove curse {unknown}
Comestibles
 f - 2 bread rations
 g - a fruit
 j - a royal jelly


   Skills:
 - Level 1.0 Fighting
 - Level 1.0 Short Blades
 - Level 2.0 Dodging
 + Level 8.2 Stealth
 - Level 3.2 Evocations


You had 4 spell levels left.
You didn't know any spells.

Dungeon Overview and Level Annotations

Branches:
Dungeon (4/15)
 Temple: D:4-7

Altars:


Innate Abilities, Weirdness & Mutations

You cannot wear most types of armour.
You are very stealthy in the water. (Stealth+)
You are amphibious.
You can wear up to eight rings at the same time.
You can use your tentacles to constrict eight enemies at once.
Your skin changes colour to match your surroundings (Stealth+).
Your rubbery body absorbs attacks. (AC +1, EV +1)


Message History

You feel sick.
You catch the helpless Natasha completely off-guard!
You hit Natasha. You grab Natasha.
Natasha is heavily wounded.
You constrict Natasha. Natasha claws you.
* * * LOW HITPOINT WARNING * * *
Natasha mumbles some strange words.
You hit Natasha.
Natasha is almost dead.
You constrict Natasha, but do no damage.
The crimson imp blinks!
Natasha claws you.
* * * LOW HITPOINT WARNING * * *
You hit Natasha but do no damage.
Natasha is almost dead.
You constrict Natasha.
You kill Natasha!
You feel Natasha's spirit has finally been put to rest.
The crimson imp disappears in a puff of smoke!
Your Stealth skill increases to level 8!
You die...

.........#
#....#.....#####
.........# ##......####
.....†...## #.....##
...####...## ##.....# .
###..## ##......##
##..####...##...#
##...#...#####.##
#......#######.##
##....@###......###
##...###..#..##..##
##..†###.⌠...##...##
.###.....##..#.####...##
..........##...# ##...#
..§........###.# ##..[##
......###...#..#
##.....# ....##
##....####......# ....
##......<.......


There were no monsters in sight!

Vanquished Creatures
  The ghost of M4edhros the Sneak, a weakling OpAr (D:4)
  An orc wizard (D:4)
  A worker ant (D:4)
  Natasha (thrice) (D:4)
  3 adders
  6 dart slugs (D:3)
  A leopard gecko (D:4)
  4 orcs (D:4)
  A goblin (D:3)
  A hobgoblin (D:1)
  A quokka (D:4)
  2 bats
  A rat (D:1)
26 creatures vanquished.

Notes
Turn   | Place    | Note
-------+----------+-------------------------------------------
     0 | D:1      | M4edhros the Octopode Artificer began the quest for the Orb.
     0 | D:1      | Reached XP level 1. HP: 13/13 MP: 3/3
    66 | D:1      | Reached skill level 2 in Stealth
   147 | D:2      | Reached skill level 3 in Stealth
   147 | D:2      | Reached XP level 2. HP: 17/18 MP: 4/4
   297 | D:3      | Reached skill level 4 in Stealth
   297 | D:3      | Reached XP level 3. HP: 16/23 MP: 5/5
   406 | D:4      | Noticed Natasha
   415 | D:4      | Killed Natasha
   415 | D:4      | Reached skill level 5 in Stealth
   415 | D:4      | Reached XP level 4. HP: 22/28 MP: 6/6
   428 | D:4      | Noticed Natasha
   433 | D:4      | Killed Natasha
   433 | D:4      | Reached skill level 6 in Stealth
   609 | D:4      | Reached XP level 5. HP: 17/33 MP: 7/7
   611 | D:4      | Reached skill level 7 in Stealth
   842 | D:4      | Noticed M4edhros's ghost (weakling OpAr)
   847 | D:4      | Killed M4edhros's ghost
   859 | D:4      | Noticed a phantom
   867 | D:4      | Noticed Natasha
   872 | D:4      | HP: 1/33 [Natasha (6)]
   873 | D:4      | Killed Natasha
   873 | D:4      | Reached skill level 8 in Stealth
   874 | D:4      | Succumbed to a worker ant's poison

Vault maps used:
D:1:      dpeg_arrival_signposts, minmay_quantized
D:2:      minmay_crystal_room
D:3:      kennysheep_slugbush, serial_co_window_serial, co_window_paths_b,
          co_window_corner_a, co_window_corner_a, co_window_of_opportunity_a,
          co_window_corner_a, co_window_of_opportunity_a, co_window_corner_a,
          co_window_2corner, co_window_unsneaky_path_a, co_window_corner_cb,
          co_window_unsneaky_path_b, co_window_4corner_a, co_window_paths_e,
          glass_columns_b, glass_columns_c, minmay_misc_feat_rows,
          fedhas_altar_4
D:4:      nicolae_overflow_hidden_temple, first_bread, grunt_ministairs_5,
          hangedman_feature_mirror, uniq_duvessa, uniq_natasha

Skill      XL: |  1  2  3  4  5 |
---------------+----------------+-----
Stealth        | 3 4 5 6 8 |  8.2
Fighting       | |  1.0
Short Blades   | |  1.0
Dodging        | |  2.0
Evocations     | |  3.2

Action                   |  1- 3 |  4- 6 || total
-------------------------+-------+-------++-------
Melee: Short sword       |    33 |    27 ||    60
       Tentacles         |    11 |     5 ||    16
       Constrict         |    10 |     9 ||    19
Evoke: Wand              |       |     5 ||     5
  Use: Potion            |       |     2 ||     2
 Stab: Sleeping          |     6 |       ||     6
       Invisible         |       |     2 ||     2
       Distracted        |       |     1 ||     1
Armor: Skin              |     2 |     1 ||     3
Dodge: Dodged            |    20 |    18 ||    38
